 Dungeon Crawl Stone Soup version 0.16-a0-3420-gb95a3aa (webtiles) character file.

308008 Chiseanne the Peltast (level 20, -10/152 HPs)
             Began as a Demonspawn Wanderer on Dec 30, 2014.
             Was a High Priest of Yredelemnul.
             Killed from afar by a deep elf annihilator (63 damage)
             ... with a crystal spear
             ... on level 3 of the Elven Halls on Dec 31, 2014.
             The game lasted 05:31:20 (57614 turns).

Chiseanne the Peltast (Demonspawn Wanderer)        Turns: 57614, Time: 05:31:21

Health: -10/152    AC: 33    Str: 16    XL:     20   Next: 34%
Magic:  35/35      EV: 21    Int: 15    God:    Yredelemnul [*****.]
Gold:   1660       SH: 19    Dex: 20    Spells: 5 memorised, 10 levels left

rFire  + + .     SeeInvis +     N - +2 broad axe (venom)
rCold  + . .     Clarity  +     Y - +9 scale mail of the Dolphin {rF+ Dex+2 Slay+3}
rNeg   + + .     SustAb   .     v - +4 shield {rF+}
rPois  +         Gourm    .     (helmet unavailable)
rElec  .         Spirit   .     w - +2 cloak {rC+}
rCorr  .         Warding  .     F - +1 pair of gloves of Proximity {Str-1 Dex+2}
rMut   .         Stasis   .     c - +1 pair of boots
MR     +++++                    E - amulet of the Four Winds {Clar rN+ MR+++}
Stlth  +.........               V - ring of positive energy
                                k - ring of Brieleid {MR+ Dex+2}

@: almost entirely resistant to hostile enchantments, very unstealthy
A: antennae 3, slimy green scales 3, dopey 1, foul stench 1, high mp 1, spiny 2,
augmentation 1, rot immunity
a: Animate Dead, Recall Undead Slaves, Injury Mirror, Drain Life, Enslave Soul,
Renounce Religion
}: 2/15 runes: decaying, gossamer


You were on level 3 of the Elven Halls.
You worshipped Yredelemnul.
Yredelemnul was extremely pleased with you.
You were not hungry.

You visited 7 branches of the dungeon, and saw 44 of its levels.
You also visited: Labyrinth, Bailey and Ice Cave.

You collected 6111 gold pieces.
You spent 4451 gold pieces at shops.

Inventory:

Hand weapons
 a - a +9 war axe of electrocution
 d - the +8 mithril axe "Arga" {speed, MR+ Str+2}
   (You took it off a deep elf demonologist on level 3 of the Elven Halls)

   Attacks with this weapon are significantly faster.
   It affects your strength (+2).
   It affects your resistance to hostile enchantments.
 s - a +6 flail of protection
 N - a +2 broad axe of venom (weapon)
 Q - a +1 broad axe of freezing
Missiles
 K - 7 silver javelins (quivered)
Armour
 c - a +1 pair of boots (worn)
 v - a +4 shield of fire resistance (worn)
 w - a +2 cloak of cold resistance (worn)
 F - the +1 pair of gloves of Proximity (worn) {Str-1 Dex+2}
   (You bought it in a shop on level 4 of the Orcish Mines)

   It affects your strength (-1).
   It affects your dexterity (+2).
 Y - the +9 scale mail of the Dolphin (worn) {rF+ Dex+2 Slay+3}
   (You found it on level 7 of the Lair of Beasts)

   It affects your dexterity (+2).
   It affects your accuracy and damage with ranged weapons and melee attacks
   (+3).
   It protects you from fire.
Rods
 e - a +8 rod of destruction (15/15)
   (You found it on level 6 of the Lair of Beasts)
 r - a +6 rod of ignition (17/17)
   (You found it on level 6 of the Lair of Beasts)
 H - a +4 lightning rod (11/11)
   (You took it off a deep elf demonologist on level 3 of the Elven Halls)
 L - a +3 rod of ignition (17/17)
   (You found it on level 15 of the Dungeon)
Jewellery
 k - the ring of Brieleid (left hand) {MR+ Dex+2}
   (You bought it in a shop on level 4 of the Orcish Mines)

   [ring of protection from magic]

   It affects your dexterity (+2).
   It affects your resistance to hostile enchantments.
 D - an uncursed ring of flight
 E - the amulet of the Four Winds (around neck) {Clar rN+ MR+++}
   (You found it in an ice cave)

   [amulet of clarity]

   It provides mental clarity.
   It protects you from negative energy.
   It affects your resistance to hostile enchantments.
 S - an uncursed amulet of resist corrosion
 V - a ring of positive energy (right hand)
Magical devices
 l - a wand of digging (5)
 p - a wand of lightning (1)
 y - a wand of fire (8)
 I - a wand of lightning (4)
Scrolls
 g - 5 scrolls of fear
 i - 23 scrolls of identify
 j - 15 scrolls of remove curse
 m - 3 scrolls of magic mapping
 x - 7 scrolls of fog
 z - 2 scrolls of summoning
 O - a scroll of vulnerability
 T - a scroll of blinking
 W - 7 scrolls of immolation
 Z - 14 scrolls of teleportation
Potions
 b - 16 potions of curing
 f - a potion of cancellation
 n - 4 potions of might
 q - 6 potions of agility
 u - a potion of invisibility
 A - 2 potions of lignification
 B - a potion of berserk rage
 G - 4 potions of haste
 J - 3 potions of magic
 R - 3 potions of heal wounds
 U - 3 potions of restore abilities
Books
 h - Borgnjor's Incunabulum of Evil
   (You found it on level 3 of the Elven Halls)

   Spells                             Type                      Level
   a - Vampiric Draining              Necromancy                   3
   b - Bolt of Draining               Conjuration/Necromancy       5
   c - Dispel Undead                  Necromancy                   5
   d - Simulacrum                     Ice/Necromancy               6
Miscellaneous
 o - a phantom mirror
 M - a phial of floods
 X - 3 lamps of fire
Comestibles
 t - 13 meat rations
 P - 23 bread rations


   Skills:
 - Level 11.7 Fighting
   Level 1.7 Short Blades
 - Level 13.7 Axes
   Level 1.0 Staves
 - Level 1.0 Throwing
 + Level 17.8 Armour
 - Level 14.5 Dodging
 - Level 1.0 Stealth
 - Level 18.9 Shields
 - Level 10.2 Invocations


You had 10 spell levels left.
You knew the following spells:

 Your Spells              Type           Power        Failure   Level  Hunger
a - Apportation           Tloc           #.........   38%         1    ##.....
b - Corona                Hex            #......      38%         1    ##.....
c - Swiftness             Chrm/Air       #.......     63%         2    ###....
d - Flight                Chrm/Air       #.........   93%         3    ####...
e - Cure Poison           Pois           #.........   63%         2    ###....


Dungeon Overview and Level Annotations

Branches:
Dungeon (15/15)            Temple (0/1) D:5            Lair (8/8) D:8
  Swamp (5/5) Lair:3       Spider (5/5) Lair:4        Slime (0/6) Lair:7
    Orc (4/4) D:12            Elf (3/3) Orc:3        Vaults (4/5) D:14
  Crypt (0/3) Vaults:2     Depths (0/5) D:15

Altars:
Ashenzari
Cheibriados
Dithmenos
Elyvilon
Fedhas
Gozag
Kikubaaqudgha
Makhleb
Okawaru
Qazlal
Ru
Sif Muna
Trog
Vehumet
Xom
Yredelemnul
Zin
The Shining One
Beogh

Shops:
D:4 *   D:7 %   Orc:2 *   Orc:4 ?[**   Elf:1 :

Portals:
Trove: Vaults:1 (give +5 demon whip)

Annotations:
D:4 Chiseanne's ghost, experienced DsWn
D:11 runed door
D:14 exclusion: Roxanne, Roxanne
D:15 runed door
Orc:4 runed door
Elf:1 exclusion: door
Elf:2 runed door


Innate Abilities, Weirdness & Mutations

You have a pair of large antennae on your head (SInv).
You are completely covered in slimy green scales (AC +4, rPois).
You emit a foul stench.
You are mostly covered in sharp spines.
Your magical and physical power is slightly enhanced at high health.
You are immune to rotting.
You are dopey. (Int -2)
You have an increased reservoir of magic (+10% MP).


Message History

The deep elf annihilator gestures at you while chanting.
The iron shot hits you!
* * * LOW HITPOINT WARNING * * *
You see here a royal jelly.
Drink which item? (? for menu, Esc to quit)
You feel much better.
Your death cob hits the deep elf annihilator.
Your death cob hits the deep elf annihilator!!
You hit the deep elf annihilator.
The deep elf annihilator is poisoned.
The deep elf annihilator is moderately wounded.
Your death cob hits the deep elf annihilator!
You block the deep elf annihilator's attack.
Your death cob hits the deep elf annihilator!
You slash the deep elf annihilator!
The deep elf annihilator is almost dead.
Your death cob barely misses the deep elf annihilator. x2
The deep elf annihilator points at you and mumbles some strange words.
The crystal spear hits you!
You die...
Your body rises from the dead as a mindless zombie.

## ## .### ##)##
...## #?}|?%##
....######[ #eZ###
.......#.) #@..#
.......#)# ###.#
.......#.## ##{#
Z..{{{.').# #{{#
.......#.## ##Z#
.......#.### ###{#
....####ZZZ## ##{{Z#
...##..###ZZ###{Z###
.###.(...##(.ZZZ##


You could see a deep elf annihilator, a friendly death cob and a friendly elf
skeleton.

Vanquished Creatures
  Margery (Vaults:4)
  Norris (Spider:5)
  4 deep elf master archers (Elf:3)
  A frost giant (Vaults:4)
  A tengu reaver (Vaults:1)
  2 fire giants
  Donald (Spider:1)
  6 deep elf sorcerers
  2 vault wardens
  Louise (Spider:5)
  2 cacodemons (Elf:3)
  4 emperor scorpions (Spider:5)
  3 orc warlords (Orc:4)
  3 ghost moths
  3 ironheart preservers (Vaults:3)
  A very ugly thing (Vaults:4)
  2 stone giants
  8 deep elf demonologists
  12 deep elf annihilators
  4 deep elf death magi
  3 ettins (Vaults:4)
  3 deep elf high priests
  A minotaur (Lab)
  A rakshasa (Vaults:1)
  9 yaktaur captains
  2 ice dragons (Swamp:5)
  A hell beast (Elf:3)
  12 hydras
  6 ogre magi
  2 great orbs of eyes
  2 dancing weapons (Elf:2)
  A spectral sphinx (Swamp:4)
  2 alligators (Swamp:2)
  4 death yaks (Lair:8)
  A tengu warrior (D:14)
  5 centaur warriors
  6 orc high priests (Orc:4)
  Urug (D:14)
  4 hell knights (Vaults:4)
  4 spriggans
  13 deep elf knights
  10 skeletal warriors
  A shadow wraith (Vaults:4)
  A catoblepas (D:14)
  2 fire crabs (Vaults:3)
  8 deep trolls (Vaults:3)
  2 ice devils (IceCv)
  An unseen horror (Lab)
  5 necromancers
  An unseen horror (shapeshifter) (Elf:1)
  A spriggan druid (Swamp:3)
  8 ironbrand convokers
  2 swamp dragons (Swamp:1)
  An ice statue (IceCv)
  2 shambling mangroves
  8 deep elf summoners
  A flayed ghost (D:11)
  14 orc knights
  10 deep elf conjurers
  16 wolf spiders
  3 hill giants
  A wolf spider zombie (D:15)
  9 red wasps
  6 orc sorcerers
  3 orb spiders
  A fire giant zombie (Vaults:3)
  13 ugly things
  5 griffons
  A moth of wrath (Spider:2)
  2 cyclopes (D:15)
  4 black mambas
  A sixfirhy (Elf:3)
  An elephant (Lair:5)
  5 vault sentinels
  A torpor snail (Spider:3)
  A guardian serpent (shapeshifter) (Elf:2)
  A spectral spriggan (Swamp:4)
  3 gargoyles (Lab)
  A queen ant (Spider:3)
  2 kobold demonologists
  6 spiny frogs
  8 blue devils
  6 komodo dragons
  A tormentor (Vaults:4)
  A human skeleton (Vaults:3)
  A spiny frog (shapeshifter) (Vaults:4)
  A fire drake (Lair:4)
  11 demonic crawlers
  An elf (shapeshifter) (Vaults:2)
  A red devil (Elf:2)
  14 yaktaurs
  6 freezing wraiths
  A tengu conjurer (D:15)
  12 trolls
  5 giant leeches
  9 deep elf priests
  27 slime creatures
  A hydra zombie (Swamp:1)
  2 hellwings (Elf:3)
  13 jumping spiders
  A shadow dragon simulacrum (Vaults:3)
  A wind drake (shapeshifter) (Vaults:4)
  A polar bear (Lair:8)
  2 blink frogs
  A human simulacrum (Vaults:3)
  4 boulder beetles
  A two-headed ogre (shapeshifter) (Vaults:1)
  14 two-headed ogres
  12 ravens
  4 bog bodies
  7 shadows
  4 baby alligators
  3 wyverns
  2 wandering mushrooms (Lab)
  11 tarantellas
  29 redbacks
  12 trapdoor spiders
  A hog (shapeshifter) (Vaults:2)
  13 yaks
  17 deep elf magi
  A spriggan zombie (Swamp:1)
  4 wraiths
  Eustachio (D:7)
  2 hungry ghosts
  A human (shapeshifter) (Vaults:4)
  21 vampire mosquitoes
  10 fire bats (D:11)
  A steam dragon (D:14)
  24 deep elf fighters
  A chaos spawn (Elf:3)
  6 wolves
  4 hippogriffs
  A soldier ant (shapeshifter) (Vaults:3)
  10 insubstantial wisps
  2 mottled dragons
  11 swamp worms
  3 wargs
  A small abomination (Elf:3)
  16 soldier ants (Spider:3)
  A spectral snapping turtle (Swamp:4)
  8 porcupines
  8 hydra simulacra
  20 water moccasins
  25 spiders
  3 phantoms
  55 orc warriors
  3 orc zombies (Orc:4)
  2 sky beasts
  13 yellow wasps
  An elf zombie (Vaults:3)
  A spiny frog skeleton (Swamp:1)
  2 black bears
  A black bear (shapeshifter) (Elf:1)
  2 necrophages
  12 centaurs
  8 ice beasts
  4 swamp drakes
  27 ogres
  5 crocodiles
  4 boggarts (D:14)
  5 big kobolds
  A glowing shapeshifter simulacrum (Vaults:3)
  14 giant frogs
  A water moccasin zombie (Swamp:1)
  8 scorpions
  26 killer bees
  4 electric eels
  2 troll skeletons (Lab)
  7 hounds
  7 crimson imps
  19 orc priests
  A water moccasin simulacrum (Swamp:1)
  4 iguanas
  A jelly (D:14)
  6 centaur skeletons
  2 giant frog skeletons
  32 orc wizards
  7 sheep
  7 hell rats
  29 worker ants
  Ijyb (D:4)
  Jessica (D:3)
  A mummy (D:15)
  A worker ant zombie (D:9)
  24 adders
  21 river rats
  3 gnolls
  2 shadow imps (D:15)
  2 giant mites
  8 white imps
  2 giant eyeballs (D:9)
  5 ufetubi (IceCv)
  A swamp drake simulacrum (Swamp:5)
  An adder zombie (D:5)
  An adder skeleton (D:9)
  A spectral river rat (Swamp:4)
  5 giant geckos
  213 orcs
  A bat skeleton (D:3)
  7 giant cockroaches
  13 goblins
  21 hobgoblins
  5 jackals
  10 quokkas
  58 bats
  4 giant newts
  2 giant spores
  A goblin zombie (D:4)
  26 kobolds
  16 rats
  A ballistomycete (D:9)
  A briar patch (Swamp:3)
  6 crawling corpses
  24 fungi
  17 plants
1584 creatures vanquished.

Vanquished Creatures (collateral kills)
  Saint Roka (Vaults:4)
  A lich (Vaults:4)
  A deep elf blademaster (Elf:3)
  A thorn hunter (Swamp:3)
  Rupert (Swamp:1)
  An ancient champion (Vaults:2)
  A storm dragon (D:15)
  2 vault wardens (Vaults:4)
  An emperor scorpion (Spider:5)
  An ironheart preserver (Vaults:1)
  2 deep elf demonologists (Elf:3)
  2 stone giants
  2 deep elf annihilators (Elf:3)
  An ettin (Orc:4)
  A fire dragon (Vaults:2)
  A deep elf high priest (Elf:3)
  A great orb of eyes (Vaults:1)
  Josephine (Swamp:1)
  2 yaktaur captains
  An ice dragon (Vaults:1)
  Harold (D:12)
  9 hydras
  2 centaur warriors (Vaults:1)
  2 ogre magi
  8 alligators
  3 ghost crabs
  Erica (Orc:3)
  3 death yaks
  8 spriggans
  3 deep elf knights
  3 skeletal warriors
  A hell knight (Vaults:4)
  A harpy (shapeshifter) (Vaults:4)
  A spectral hydra (Swamp:4)
  An unseen horror (D:14)
  A hill giant (D:12)
  An ice statue (IceCv)
  2 shambling mangroves
  2 swamp dragons
  A deep elf summoner (Elf:3)
  A necromancer (Vaults:2)
  3 cyclopes (Vaults:2)
  6 orc knights
  A wizard (D:14)
  11 orb spiders
  A wolf spider zombie (D:15)
  A stone giant zombie (Vaults:4)
  2 oklob plants (Lair:6)
  An ironbrand convoker (Vaults:4)
  2 deep elf conjurers
  6 griffons
  A frost giant zombie (Vaults:4)
  A manticore (D:15)
  3 red wasps
  17 wolf spiders
  6 ugly things
  A moth of wrath (Spider:5)
  An orc sorcerer (Vaults:2)
  A spectral alligator (Swamp:4)
  2 sixfirhies (Elf:3)
  3 centaur zombies
  7 elephants
  5 black mambas
  A guardian serpent (Lair:8)
  A torpor snail (Lair:7)
  23 spiny frogs
  5 vault sentinels
  A centaur skeleton (D:15)
  2 orange demons (Elf:3)
  7 yaktaurs
  9 wargs
  5 komodo dragons
  5 demonic crawlers
  A kobold demonologist (Vaults:2)
  A tengu conjurer (D:15)
  2 red devils (Elf:2)
  2 fire drakes
  20 jumping spiders
  4 trolls
  8 polar bears
  A queen bee (Lair:5)
  A freezing wraith (Swamp:5)
  A baby alligator (Swamp:1)
  4 ravens
  A boulder beetle (Lair:6)
  22 slime creatures
  5 bog bodies
  6 basilisks
  2 giant leeches
  10 tarantellas
  4 two-headed ogres
  13 blink frogs
  An elf zombie (Elf:3)
  15 trapdoor spiders
  A water elemental (D:15)
  5 deep elf magi
  15 redbacks
  A spectral giant leech (Swamp:4)
  2 human simulacra
  2 wyverns (Lair:8)
  35 yaks
  2 wraiths
  5 fire bats (D:11)
  A neqoxec (Elf:3)
  14 hippogriffs
  A hungry ghost (D:12)
  17 wolves
  5 deep elf fighters
  A spectral spiny frog (Swamp:4)
  5 insubstantial wisps
  10 swamp worms
  11 vampire mosquitoes
  4 hydra simulacra (Swamp:5)
  2 mottled dragons (Vaults:2)
  4 hell hounds (Lair:8)
  4 porcupines
  8 soldier ants (Spider:3)
  19 water moccasins
  2 swamp drakes
  12 black bears
  A sky beast (D:7)
  23 spiders
  14 yellow wasps
  5 ice beasts (Lair:6)
  22 orc warriors
  A spectral fire drake (Swamp:4)
  An eye of draining (D:12)
  2 centaurs
  An elf skeleton (Vaults:4)
  10 ogres
  7 crocodiles
  A gnoll sergeant (D:11)
  A boring beetle (Spider:4)
  Blork the orc (D:8)
  7 giant frogs
  A big kobold (D:12)
  4 scorpions
  8 killer bees
  An electric eel (Lair:6)
  A goliath beetle (D:7)
  2 crimson imps
  A quasit (Elf:3)
  4 jellies
  16 orc wizards
  16 hounds
  13 orc priests
  3 giant frog skeletons
  14 worker ants
  A hell rat (Lair:6)
  6 iguanas
  A killer bee zombie (D:9)
  14 sheep
  2 mummies
  14 adders
  10 gnolls
  40 river rats
  A shadow imp (D:14)
  A white imp (D:13)
  2 giant mites (Lair:7)
  An ufetubus (D:13)
  2 swamp drake simulacra (Swamp:5)
  An adder zombie (D:8)
  A giant gecko (D:9)
  129 orcs
  10 goblins
  8 hobgoblins
  6 jackals (Lair:8)
  4 kobolds
  4 quokkas
  26 bats
  A giant gecko skeleton (D:8)
  An orc zombie (Orc:3)
  4 rats (Lair:6)
  2 ballistomycetes (D:8)
  A bush (Lair:2)
  3 crawling corpses
  41 fungi
  53 plants
1104 creatures vanquished.

Vanquished Creatures (others)
  A ghoul (Spider:5)
  7 death cobs
  An ice dragon (Vaults:1)
  A tengu warrior (D:15)
  5 skeletal warriors
  2 flayed ghosts
  A spriggan druid (Swamp:5)
  4 wolf spider zombies
  2 ugly thing zombies (Vaults:1)
  A fire giant zombie (D:15)
  3 human zombies
  An ugly thing (D:14)
  8 phantasmal warriors
  A gargoyle (Lab)
  3 centaur zombies (Vaults:3)
  8 swamp worm zombies
  2 death yak zombies (Lair:8)
  6 redback zombies
  6 hydra zombies
  A ghoul skeleton (Spider:5)
  4 trapdoor spider zombies
  A guardian serpent zombie (Lair:8)
  A tarantella zombie (Spider:3)
  An ice dragon zombie (Swamp:5)
  7 jumping spider zombies
  A two-headed ogre (Orc:3)
  5 red wasp zombies
  2 griffon zombies
  A hydra skeleton (Swamp:4)
  4 flying skulls
  2 black mamba zombies (Lair:3)
  2 wraiths
  A giant leech zombie (Swamp:1)
  6 vampires
  4 fire elementals
  An alligator skeleton (Swamp:2)
  6 raven zombies
  A baby alligator zombie (Swamp:1)
  2 orb spider zombies (Spider:5)
  8 spiny frog zombies
  An ice beast (Lair:6)
  2 ogres (D:15)
  A swamp dragon zombie (Swamp:1)
  A blink frog zombie (Lair:7)
  6 vampire mosquito zombies
  8 lost souls (Elf:3)
  2 komodo dragon zombies
  A hell hound zombie (Lair:8)
  A yaktaur zombie (Vaults:3)
  2 wyvern zombies (Lair:8)
  13 spider zombies
  A cyclops zombie (Vaults:2)
  2 cyclops skeletons (D:15)
  9 water moccasin zombies
  A komodo dragon skeleton (Lair:1)
  A troll zombie (Orc:4)
  4 yak zombies
  2 tengu zombies
  A hippogriff zombie (Lair:8)
  4 wights
  7 giant frog zombies
  5 wolf zombies
  2 black bear zombies (Lair:8)
  21 elf zombies
  5 two-headed ogre zombies
  A basilisk zombie (Lair:3)
  5 yellow wasp zombies
  An orc wizard (Orc:4)
  A soldier ant zombie (Spider:3)
  3 bog body skeletons (Swamp:2)
  3 porcupine zombies
  5 killer bee zombies
  A porcupine skeleton (Lair:3)
  A mottled dragon zombie (D:15)
  3 crocodile zombies
  11 ogre zombies
  An ogre skeleton (Vaults:3)
  2 hound zombies
  A mummy (Lair:1)
  A worker ant zombie (Lair:8)
  A swamp drake zombie (Swamp:1)
  4 scorpion zombies
  A white imp (IceCv)
  4 ufetubi (IceCv)
  2 iguana zombies
  3 adder zombies
  4 sheep zombies
  An orc (D:15)
  32 bat zombies
  16 river rat zombies
  A giant gecko zombie (D:6)
  2 gnoll zombies
  4 goblin zombies (Orc:4)
  9 hobgoblin zombies
  A jackal zombie (D:5)
  4 kobold zombies
  9 orc skeletons
  126 orc zombies
  A quokka skeleton (Lair:1)
  2 quokka zombies
  6 rat zombies
  7 fungi
  12 plants
519 creatures vanquished.

Grand Total: 3207 creatures vanquished

Notes
Turn   | Place    | Note
--------------------------------------------------------------
     0 | D:1      | Chiseanne, the Demonspawn Wanderer, began the quest for the Orb.
     0 | D:1      | Chiseanne set off with: a +2 short sword, a potion of curing, 12 poisoned needles, a +0 blowgun, a +0 robe, a bread ration
     0 | D:1      | Reached XP level 1. HP: 19/19 MP: 1/1
   103 | D:1      | Gained mutation: You are partially covered in sharp spines. [demonic ancestry]
   103 | D:1      | Reached XP level 2. HP: 15/26 MP: 2/2
   997 | D:1      | Gained mutation: You are immune to rotting. [demonic ancestry]
   997 | D:1      | Reached XP level 3. HP: 25/32 MP: 3/3
  1115 | D:2      | Reached skill level 5 in Fighting
  1675 | D:2      | Reached skill level 1 in Dodging
  1956 | D:3      | Reached XP level 4. HP: 33/39 MP: 4/4
  2064 | D:3      | Found a shadowy altar of Dithmenos.
  2066 | D:3      | Found a deep blue altar of Sif Muna.
  2078 | D:3      | Found a stormy altar of Qazlal.
  2083 | D:3      | Found a snail-covered altar of Cheibriados.
  2084 | D:3      | Found an opulent altar of Gozag.
  2084 | D:3      | Found a glowing silver altar of Zin.
  2087 | D:3      | Found a white marble altar of Elyvilon.
  2088 | D:3      | Found a basalt altar of Yredelemnul.
  2089 | D:3      | Found a shattered altar of Ashenzari.
  2096 | D:3      | Became a worshipper of Yredelemnul the Dark
  2651 | D:3      | Noticed Jessica
  2663 | D:3      | Killed Jessica
  2809 | D:3      | Gained mutation: You have a pair of small antennae on your head. [demonic ancestry]
  2809 | D:3      | Reached XP level 5. HP: 20/46 MP: 5/5
  3035 | D:3      | Reached skill level 1 in Armour
  3473 | D:4      | Found Inuiquripi's General Store.
  3519 | D:4      | Bought a scroll of fear for 45 gold pieces
  3519 | D:4      | Bought a scroll of fog for 26 gold pieces
  3519 | D:4      | Bought a +0 pair of gloves for 58 gold pieces
  3533 | D:4      | Noticed Chiseanne's ghost (experienced DsWn)
  3690 | D:4      | Acquired Yredelemnul's first power
  4094 | D:4      | Reached XP level 6. HP: 52/52 MP: 6/6
  4163 | D:4      | Noticed a phantom
  4212 | D:4      | Killed a phantom
  4212 | D:4      | Reached skill level 1 in Invocations
  4406 | D:4      | Reached skill level 6 in Fighting
  4409 | D:4      | Noticed an ogre
  4422 | D:4      | Killed an ogre
  4738 | D:4      | Gained mutation: You have a pair of antennae on your head. [demonic ancestry]
  4738 | D:4      | Reached XP level 7. HP: 47/58 MP: 8/8
  4832 | D:4      | Noticed Ijyb
  4845 | D:4      | Killed Ijyb
  4883 | D:5      | Entered Level 5 of the Dungeon
  4934 | D:5      | Found a staircase to the Ecumenical Temple.
  4936 | D:5      | Acquired Yredelemnul's second power
  5395 | D:5      | Found an ancient bone altar of Kikubaaqudgha.
  6446 | D:6      | Reached XP level 8. HP: 63/65 MP: 14/14
  6480 | D:6      | Found a bloodstained altar of Trog.
  6490 | D:6      | Acquired Yredelemnul's third power
  6963 | D:6      | Learned a level 1 spell: Apportation
  6965 | D:6      | Learned a level 1 spell: Corona
  7060 | D:7      | Reached skill level 5 in Armour
  7229 | D:7      | Reached skill level 5 in Invocations
  7442 | D:7      | Noticed Eustachio
  7452 | D:7      | Reached skill level 5 in Dodging
  7471 | D:7      | Killed Eustachio
  7471 | D:7      | Reached skill level 7 in Fighting
  7777 | D:7      | Received a gift from Yredelemnul
  7845 | D:7      | Found Vihurcha's Food Boutique.
  7854 | D:7      | Bought a beef jerky for 15 gold pieces
  7854 | D:7      | Bought a slice of pizza for 15 gold pieces
  7854 | D:7      | Bought 4 fruits for 60 gold pieces
  7854 | D:7      | Bought a royal jelly for 20 gold pieces
  7854 | D:7      | Bought a beef jerky for 15 gold pieces
  7881 | D:7      | Found a blossoming altar of Fedhas.
  8040 | D:8      | Reached XP level 9. HP: 72/72 MP: 18/18
  8260 | D:8      | Acquired Yredelemnul's fourth power
  8267 | D:8      | Noticed Blork the orc
  8273 | D:8      | Killed Blork the orc
  8415 | D:8      | Received a gift from Yredelemnul
  8493 | D:8      | Found an iron altar of Okawaru.
  8697 | D:8      | Found a staircase to the Lair.
  8726 | D:8      | Your ally Blork died
  8745 | Lair:1   | Entered Level 1 of the Lair of Beasts
  8753 | Lair:1   | Noticed a spiny frog
  8753 | Lair:1   | Noticed a komodo dragon
  8766 | D:8      | Killed a spiny frog
  8768 | D:8      | Killed a komodo dragon
  9033 | Lair:1   | Noticed a black mamba
  9049 | Lair:1   | Killed a black mamba
  9201 | Lair:1   | Noticed a komodo dragon
  9213 | Lair:1   | Killed a komodo dragon
  9357 | Lair:1   | Gained mutation: You have a pair of large antennae on your head (SInv). [demonic ancestry]
  9357 | Lair:1   | Reached XP level 10. HP: 56/80 MP: 20/20
  9369 | Lair:1   | Reached skill level 8 in Fighting
  9373 | Lair:1   | Received a gift from Yredelemnul
  9380 | Lair:1   | Noticed a black mamba
  9387 | Lair:1   | Killed a black mamba
  9408 | Lair:1   | HP: 4/80 [poisoned by a black mamba]
  9413 | Lair:1   | HP: 4/80 [poisoned by a black mamba]
  9421 | Lair:1   | HP: 3/80 [poisoned by a black mamba]
  9826 | Lair:1   | Noticed a komodo dragon
  9858 | Lair:1   | Killed a komodo dragon
 10038 | Lair:1   | Received a gift from Yredelemnul
 10046 | Lair:1   | Noticed a six-headed hydra
 10269 | Lair:2   | Got an ancient ring mail
 10280 | Lair:2   | Identified the +2 ring mail of Unambiguity {Str+2 Dex+4} (You found it on level 2 of the Lair of Beasts)
 10303 | Lair:2   | Reached skill level 5 in Shields
 10627 | Lair:2   | Received a gift from Yredelemnul
 11389 | Lair:1   | Killed a six-headed hydra
 11389 | Lair:1   | Gained mutation: You are partially covered in slimy green scales (AC +2). [demonic ancestry]
 11389 | Lair:1   | Reached XP level 11. HP: 33/87 MP: 21/23
 11408 | Lair:1   | Noticed a spiny frog
 11420 | Lair:1   | Killed a spiny frog
 11927 | Lair:1   | Received a gift from Yredelemnul
 12137 | Lair:3   | Reached skill level 9 in Invocations
 12422 | Lair:3   | Received a gift from Yredelemnul
 12487 | Lair:3   | Noticed a six-headed hydra
 12492 | Lair:3   | Killed a six-headed hydra
 12533 | Lair:3   | Found a staircase to the Swamp.
 12841 | Lair:3   | Received a gift from Yredelemnul
 13037 | Lair:3   | Reached skill level 10 in Invocations
 13334 | Lair:4   | Noticed an eight-headed hydra
 13357 | Lair:3   | Killed an eight-headed hydra
 13364 | Lair:3   | Received a gift from Yredelemnul
 13522 | Lair:4   | Received a gift from Yredelemnul
 13754 | Lair:4   | Acquired Yredelemnul's fifth power
 13766 | Lair:4   | Found a hole to the Spider Nest.
 13774 | Lair:4   | Gained mutation: You emit a foul stench. [demonic ancestry]
 13774 | Lair:4   | Reached XP level 12. HP: 61/96 MP: 24/25
 14323 | Lair:5   | Received a gift from Yredelemnul
 14429 | Lair:5   | Received a gift from Yredelemnul
 14464 | Lair:5   | Received a gift from Yredelemnul
 14573 | Lair:5   | You fall through a shaft for 3 floors!
 14573 | Lair:8   | Entered Level 8 of the Lair of Beasts
 14692 | Lair:8   | Reached skill level 10 in Dodging
 14711 | Lair:8   | Received a gift from Yredelemnul
 14858 | Lair:8   | Received a gift from Yredelemnul
 14862 | Lair:8   | Reached skill level 10 in Fighting
 14897 | Lair:8   | Received a gift from Yredelemnul
 14989 | Lair:8   | Received a gift from Yredelemnul
 15001 | Lair:8   | Received a gift from Yredelemnul
 15189 | Lair:8   | Reached skill level 11 in Dodging
 15215 | Lair:8   | Received a gift from Yredelemnul
 15279 | Lair:8   | Reached skill level 10 in Shields
 15318 | Lair:8   | Received a gift from Yredelemnul
 15322 | Lair:8   | Reached XP level 13. HP: 101/103 MP: 27/27
 15698 | Lair:8   | Received a gift from Yredelemnul
 16278 | Lair:7   | Received a gift from Yredelemnul
 16408 | Lair:7   | Got a steaming scale mail
 16423 | Lair:7   | Identified the +9 scale mail of the Dolphin {rF+ Dex+2 Slay+3} (You found it on level 7 of the Lair of Beasts)
 16663 | Lair:7   | Found a staircase to the Slime Pits.
 16935 | Lair:7   | Received a gift from Yredelemnul
 17238 | Lair:6   | Received a gift from Yredelemnul
 17260 | Lair:6   | Identified a +0 rod of destruction (9/9) (You found it on level 6 of the Lair of Beasts)
 17545 | Lair:6   | Found a frozen archway.
 17639 | IceCv    | Entered an ice cave
 17705 | IceCv    | Received a gift from Yredelemnul
 19091 | Lair:6   | Identified a +1 rod of ignition (14/14) (You found it on level 6 of the Lair of Beasts)
 19471 | Lair:5   | Noticed a four-headed hydra
 19476 | Lair:5   | Killed a four-headed hydra
 19668 | Lair:5   | Reached skill level 12 in Shields
 20922 | D:9      | Paralysed by a giant eyeball for 2 turns
 21467 | D:9      | Paralysed by a giant eyeball for 2 turns
 21544 | D:10     | Entered Level 10 of the Dungeon
 22149 | D:10     | Gained mutation: Your magical and physical power is slightly enhanced at high health. [demonic ancestry]
 22149 | D:10     | Reached XP level 14. HP: 111/111 MP: 28/28
 22602 | D:11     | Found a flagged portal.
 22611 | Bailey   | Entered a bailey
 23509 | Bailey   | Identified Iskenderun's Compendium of Flying Battle Magic
 23750 | D:11     | Learned a level 2 spell: Swiftness
 23857 | D:11     | Found a white marble altar of Elyvilon.
 23886 | D:11     | Received a gift from Yredelemnul
 23913 | D:11     | Found a shimmering altar of Xom.
 23926 | D:11     | Found a runed door.
 23988 | D:11     | Found a snail-covered altar of Cheibriados.
 24005 | D:11     | Found a snail-covered altar of Cheibriados.
 24056 | D:11     | Found a glowing golden altar of the Shining One.
 24179 | D:11     | Found a radiant altar of Vehumet.
 24229 | D:11     | Received a gift from Yredelemnul
 24768 | D:12     | Found a staircase to the Orcish Mines.
 24778 | D:12     | Received a gift from Yredelemnul
 24826 | D:12     | Found a labyrinth entrance.
 24843 | Lab      | Entered a labyrinth
 25241 | Lab      | Reached skill level 13 in Shields
 25271 | Lab      | Got a brightly glowing chain mail
 25284 | Lab      | Identified the +1 chain mail of Duty {MR+ Str+2 SInv} (You found it in a labyrinth)
 25347 | D:12     | Noticed Harold
 25356 | D:12     | Killed Harold
 25733 | Orc:1    | Entered Level 1 of the Orcish Mines
 27072 | Orc:2    | Found Yggit's General Store.
 27089 | Orc:2    | Bought a scroll of teleportation for 42 gold pieces
 27089 | Orc:2    | Bought a scroll of teleportation for 42 gold pieces
 27089 | Orc:2    | Bought a scroll of holy word for 105 gold pieces
 27221 | Orc:3    | Received a gift from Yredelemnul
 27264 | Orc:3    | Noticed Erica
 27286 | Orc:3    | Killed Erica
 27372 | Orc:3    | Received a gift from Yredelemnul
 27412 | Orc:3    | Found a staircase to the Elven Halls.
 27820 | Orc:4    | Entered Level 4 of the Orcish Mines
 28679 | Orc:4    | Received a gift from Yredelemnul
 28740 | Orc:4    | Received a gift from Yredelemnul
 28876 | Orc:4    | Found a runed door.
 29020 | Orc:4    | Received a gift from Yredelemnul
 29031 | Orc:4    | Found a roughly hewn altar of Beogh.
 29049 | Orc:4    | Reached skill level 10 in Armour
 29057 | Orc:4    | Found Pagom's Magic Scroll Emporium.
 29069 | Orc:4    | Bought a scroll of brand weapon for 320 gold pieces
 29069 | Orc:4    | Bought a scroll of identify for 32 gold pieces
 29069 | Orc:4    | Bought a scroll of fog for 32 gold pieces
 29069 | Orc:4    | Bought a scroll of enchant weapon for 120 gold pieces
 29069 | Orc:4    | Bought a scroll of recharging for 152 gold pieces
 29079 | Orc:4    | Found Keregam's Antique Armour Shoppe.
 29087 | Orc:4    | Bought a pair of shimmering gloves for 237 gold pieces
 29097 | Orc:4    | Identified the cursed +1 pair of gloves of Proximity {Str-1 Dex+2} (You bought it in a shop on level 4 of the Orcish Mines)
 29100 | Orc:4    | Bought a crude scale mail for 225 gold pieces
 29112 | Orc:4    | Identified the cursed -5 scale mail of Cimeucaq {MR+} (You bought it in a shop on level 4 of the Orcish Mines)
 29418 | Orc:4    | Noticed an orc warlord
 29431 | Orc:4    | Killed an orc warlord
 29431 | Orc:4    | Reached skill level 14 in Shields
 29931 | Orc:4    | Noticed an orc warlord
 29994 | Orc:4    | Killed an orc warlord
 29995 | Orc:4    | Received a gift from Yredelemnul
 30035 | Orc:4    | Found a roughly hewn altar of Beogh.
 30053 | Orc:4    | Found Eme Groll's General Store.
 30062 | Orc:4    | Reached XP level 15. HP: 73/119 MP: 16/28
 30069 | Orc:4    | Bought a potion of invisibility for 120 gold pieces
 30069 | Orc:4    | Bought a scroll of remove curse for 45 gold pieces
 30117 | Orc:4    | Noticed an orc warlord
 30131 | Orc:4    | Received a gift from Yredelemnul
 30473 | Orc:4    | Killed an orc warlord
 30554 | Orc:4    | Found Gownewk's Assorted Antiques.
 30565 | Orc:4    | Gained mutation: You occasionally shout uncontrollably at your foes. [a neqoxec]
 30589 | Orc:4    | Bought a scroll of identify for 62 gold pieces
 30589 | Orc:4    | Bought a potion of haste for 310 gold pieces
 30589 | Orc:4    | Bought a steaming bronze ring for 155 gold pieces
 30590 | Orc:4    | Identified the ring of Brieleid {MR+ Dex+2} (You bought it in a shop on level 4 of the Orcish Mines)
 30591 | Orc:4    | Bought a scroll of teleportation for 93 gold pieces
 30591 | Orc:4    | Bought 2 potions of heal wounds for 310 gold pieces
 30591 | Orc:4    | Bought a pair of glowing gloves for 139 gold pieces
 31096 | Lair:1   | Upgraded the game from 0.16-a0-3389-g45633df to 0.16-a0-3420-gb95a3aa
 31430 | D:13     | Received a gift from Yredelemnul
 31549 | D:13     | Found a sacrificial altar of Ru.
 31835 | D:13     | Reached skill level 1 in Axes
 32048 | D:14     | Received a gift from Yredelemnul
 32358 | D:14     | Noticed Roxanne
 32502 | D:14     | Found a gate to the Vaults.
 32573 | D:14     | Found a shattered altar of Ashenzari.
 32879 | D:14     | Noticed Urug
 32915 | D:14     | Killed Urug
 33545 | D:15     | Entered Level 15 of the Dungeon
 33853 | D:15     | Received a gift from Yredelemnul
 33885 | D:15     | Found a staircase to the Depths.
 33930 | D:15     | Reached skill level 15 in Shields
 33931 | D:15     | Reached skill level 5 in Axes
 34160 | D:15     | Identified a +0 rod of ignition (14/14) (You found it on level 15 of the Dungeon)
 34376 | D:15     | Gained mutation: You have sharp toenails. [potion of beneficial mutation]
 34497 | D:15     | Found a runed door.
 34836 | D:15     | Noticed a storm dragon
 34850 | D:15     | HP: 4/120 [storm dragon/bolt of lightning (22)]
 34863 | D:15     | Killed a storm dragon
 35354 | D:14     | Gained mutation: You are mostly covered in slimy green scales (AC +3). [demonic ancestry]
 35354 | D:14     | Reached XP level 16. HP: 48/127 MP: 24/29
 35736 | Swamp:1  | Entered Level 1 of the Swamp
 35823 | Swamp:1  | HP: 4/127 [insubstantial wisp/static electricity (6)]
 36103 | Swamp:1  | Noticed Josephine
 36119 | Swamp:1  | Killed Josephine
 36804 | Swamp:2  | Noticed Rupert
 36842 | Swamp:1  | Killed Rupert
 37342 | Swamp:2  | Got a polished ring mail
 37359 | Swamp:2  | Identified the +7 ring mail "Biweuxufyg" {Str-2 Int+3} (You found it on level 2 of the Swamp)
 37860 | Swamp:2  | Received a gift from Yredelemnul
 38955 | Swamp:3  | Reached skill level 16 in Shields
 39099 | Swamp:3  | Found a radiant altar of Vehumet.
 40405 | Swamp:5  | Entered Level 5 of the Swamp
 41454 | Swamp:5  | Got a decaying rune of Zot
 41585 | Swamp:3  | Gained mutation: You are completely covered in slimy green scales (AC +4, rPois). [demonic ancestry]
 41585 | Swamp:3  | Reached XP level 17. HP: 119/133 MP: 30/30
 41692 | Swamp:1  | Your ally Rupert died
 41964 | Spider:1 | Entered Level 1 of the Spider Nest
 42005 | Spider:1 | Got a dazzling short sword
 42021 | Spider:1 | Identified the +7 short sword "Phownuffuu" {antimagic, Contam +Inv SInv} (You found it on level 1 of the Spider Nest)
 42023 | Spider:1 | Gained mutation: You heal slowly when monsters are visible. [mutagenic glow]
 42154 | Lair:1   | Lost mutation: You heal slowly when monsters are visible. [potion of cure mutation]
 42154 | Lair:1   | Lost mutation: You have sharp toenails. [potion of cure mutation]
 42154 | Lair:1   | Lost mutation: You occasionally shout uncontrollably at your foes. [potion of cure mutation]
 42327 | Spider:1 | Noticed Donald
 42338 | Spider:1 | Killed Donald
 42747 | Spider:1 | Received a gift from Yredelemnul
 43011 | Spider:2 | Received a gift from Yredelemnul
 43792 | Spider:3 | Received a gift from Yredelemnul
 44108 | Spider:3 | Received a gift from Yredelemnul
 44126 | Spider:3 | Received a gift from Yredelemnul
 44130 | Spider:3 | Reached skill level 17 in Shields
 44197 | Spider:3 | Got a brightly glowing leather armour
 44239 | Spider:3 | Identified the +2 leather armour of Schubijais {+Inv Str+4} (You found it on level 3 of the Spider Nest)
 45843 | Spider:5 | Entered Level 5 of the Spider Nest
 45843 | Spider:5 | Noticed Louise
 45853 | Spider:5 | Received a gift from Yredelemnul
 45860 | Spider:5 | Killed Louise
 45898 | Spider:5 | Noticed Norris
 45912 | Spider:5 | Killed Norris
 45912 | Spider:5 | Reached skill level 10 in Axes
 46150 | Spider:5 | Received a gift from Yredelemnul
 46236 | Spider:5 | Received a gift from Yredelemnul
 46252 | Spider:5 | Received a gift from Yredelemnul
 46708 | Spider:5 | Reached XP level 18. HP: 117/139 MP: 3/31
 46715 | Spider:5 | Got a gossamer rune of Zot
 47019 | D:8      | Received a gift from Yredelemnul
 47263 | Vaults:1 | Entered Level 1 of the Vaults
 47953 | Vaults:1 | Found a portal to a secret trove of treasure.
 48412 | Vaults:1 | Received a gift from Yredelemnul
 49302 | Vaults:2 | Found a staircase to the Crypt.
 49369 | Vaults:2 | Reached skill level 18 in Shields
 49749 | Vaults:2 | Received a gift from Yredelemnul
 50493 | Vaults:3 | Gained mutation: You have an increased reservoir of magic (+10% MP). [potion of beneficial mutation]
 51608 | Vaults:4 | Received a gift from Yredelemnul
 51663 | Vaults:4 | Reached XP level 19. HP: 103/145 MP: 34/34
 51797 | Vaults:4 | Noticed Saint Roka
 51805 | Vaults:4 | Received a gift from Yredelemnul
 51816 | Vaults:4 | Killed Saint Roka
 52361 | Vaults:4 | Received a gift from Yredelemnul
 52487 | Vaults:4 | Received a gift from Yredelemnul
 52785 | Vaults:4 | Received a gift from Yredelemnul
 52871 | Vaults:4 | Noticed Margery
 52883 | Vaults:4 | Killed Margery
 52937 | Vaults:4 | Learned a level 3 spell: Flight
 54985 | Elf:1    | Entered Level 1 of the Elven Halls
 55058 | Elf:1    | Found Skeow's Book Shoppe.
 55088 | Elf:1    | Bought a manual of Armour for 1656 gold pieces
 55294 | Elf:1    | Found a burning altar of Makhleb.
 55351 | Elf:1    | Received a gift from Yredelemnul
 55821 | Elf:2    | Found a huge runed gate.
 55821 | Elf:2    | Found a huge runed gate.
 55821 | Elf:2    | Found a huge runed gate.
 55822 | Elf:2    | Found a huge runed gate.
 55822 | Elf:2    | Found a huge runed gate.
 56226 | Elf:3    | Entered Level 3 of the Elven Halls
 56579 | Elf:3    | Reached skill level 15 in Armour
 56933 | Elf:3    | Received a gift from Yredelemnul
 57022 | Elf:3    | Received a gift from Yredelemnul
 57028 | Elf:3    | Gained mutation: You are mostly covered in sharp spines. [demonic ancestry]
 57028 | Elf:3    | Reached XP level 20. HP: 105/152 MP: 18/35
 57033 | Elf:3    | Gained mutation: You are dopey. (Int -2) [a cacodemon]
 57107 | Elf:3    | Got a faintly humming large shield
 57296 | Elf:3    | Identified the cursed -1 large shield of Dyspraxia {rN+ Int+1 Curse} (You took it off a deep elf annihilator on level 3 of the Elven Halls)
 57359 | Elf:3    | Received a gift from Yredelemnul
 57391 | Elf:3    | Got a translucent glass ring
 57406 | Elf:3    | Got an ancient garnet amulet
 57407 | Elf:3    | Identified the amulet of False Pretenses {Ward rN+ Slay-5 Stlth+} (You took it off a deep elf demonologist on level 3 of the Elven Halls)
 57419 | Elf:3    | Identified the ring "Icriddut" {Str+2 Int+4 Stlth+} (You took it off a deep elf demonologist on level 3 of the Elven Halls)
 57483 | Elf:3    | Identified Borgnjor's Incunabulum of Evil (You found it on level 3 of the Elven Halls)
 57518 | Elf:3    | Identified the Catalogue of Venom
 57522 | Elf:3    | Learned a level 2 spell: Cure Poison
 57577 | Elf:3    | Got a steaming scale mail
 57594 | Elf:3    | Identified the cursed -5 scale mail of the Villain {Int+3} (You found it on level 3 of the Elven Halls)
 57614 | Elf:3    | Killed from afar by a deep elf annihilator

Action                   |  1- 3 |  4- 6 |  7- 9 | 10-12 | 13-15 | 16-18 | 19-21 || total
-------------------------+-------+-------+-------+-------+-------+-------+-------++-------
Melee: Short sword       |    77 |       |       |       |       |       |       ||    77
       Whip              |    23 |   130 |   219 |    12 |     1 |       |       ||   385
       War axe           |       |    57 |    42 |    10 |   282 |  1291 |   483 ||  2165
       Falchion          |       |       |   114 |   676 |  1251 |       |       ||  2041
       Scimitar          |       |       |       |       |    47 |       |       ||    47
       Flail             |       |       |       |       |    15 |   103 |       ||   118
       Broad axe         |       |       |       |       |       |       |    14 ||    14
 Fire: Blowgun           |       |     4 |     4 |       |       |       |       ||     8
Throw: Javelin           |       |     2 |     1 |     1 |    14 |       |       ||    18
       Tomahawk          |       |       |       |       |     2 |       |       ||     2
Invok: Animate Remains   |       |     6 |    13 |       |     9 |       |       ||    28
       Animate Dead      |       |       |    18 |    85 |   173 |   166 |    52 ||   494
       Injury Mirror     |       |       |     1 |     4 |    13 |     3 |     4 ||    25
       Drain Life        |       |       |       |     6 |    17 |     2 |    15 ||    40
Evoke: Wand              |       |     1 |     3 |    11 |    36 |    13 |     2 ||    66
       Rod               |       |       |       |       |    38 |       |     5 ||    43
       Lamp of fire      |       |       |       |       |     2 |     2 |       ||     4
       Phantom mirror    |       |       |       |       |     1 |       |       ||     1
  Use: Scroll            |     8 |     5 |     4 |     9 |    27 |    12 |     8 ||    73
       Potion            |       |       |       |     1 |    15 |     4 |     7 ||    27
 Stab: Sleeping          |     1 |     2 |       |     1 |       |       |       ||     4
       Distracted        |       |     1 |     2 |     8 |    20 |    26 |     6 ||    63
       Confused          |       |       |       |       |     1 |       |       ||     1
       Invisible         |       |       |       |       |     1 |       |       ||     1
       Petrified         |       |       |       |       |     1 |       |       ||     1
  Eat: Chunk             |     3 |     9 |    12 |     7 |    46 |    30 |    13 ||   120
       Fruit             |       |     1 |     5 |    15 |     4 |     9 |     1 ||    35
       Beef jerky        |       |       |       |     4 |    24 |     4 |     1 ||    33
       Pizza             |       |       |       |     1 |     6 |     3 |     2 ||    12
       Royal jelly       |       |       |       |     1 |     1 |     1 |     1 ||     4
       Bread ration      |       |       |       |       |     1 |     4 |     1 ||     6
       Meat ration       |       |       |       |       |       |       |     1 ||     1
